 Dungeon Crawl Stone Soup version 0.29.0-4-gdea44cf6ec (webtiles) character file.

Game seed: 2581140631077473250

112 qw the Chopper (level 4, 0/26 HPs)
             Began as a Tengu Warper on Aug 28, 2022.
             Slain by a phantom (6 damage)
             ... on level 4 of the Dungeon.
             The game lasted 00:00:19 (3207 turns).

qw the Chopper (Tengu Warper)                       Turns: 3207, Time: 00:00:20

Health: 0/26       AC:  8    Str: 13    XL:     4   Next: 93%
Magic:  8/8        EV:  6    Int: 13    God:
Gold:   176        SH:  0    Dex: 14    Spells: 7/7 levels left

rFire   . . .      SeeInvis .   Y - +0 hand axe
rCold   . . .      Faith    .   (no shield)
rNeg    . . .      Spirit   .   d - +0 chain mail
rPois   .          Reflect  .   (helmet restricted)
rElec   .          Harm     .   (no cloak)
rCorr   .          Rampage  .   (no gloves)
Will    +....                   (boots unavailable)
Stlth   ..........              (no amulet)
HPRegen 0.08/turn               g - ring of willpower
MPRegen 0.11/turn               (no ring)

@: about to teleport
A: beak, talons 3
a: no special abilities


You were on level 4 of the Dungeon.
You visited 1 branch of the dungeon, and saw 4 of its levels.

You collected 176 gold pieces.


Innate Abilities, Weirdness & Mutations

You have a beak for a mouth.
You have claws for feet.


   Skills:
 - Level 2.0 Fighting
 + Level 5.4 Axes
 - Level 1.0 Throwing
 - Level 1.1 Armour
 - Level 2.1 Dodging
 - Level 2.0 Spellcasting
 - Level 2.4 Translocations


You had 7 spell levels left.
You didn't know any spells.
Your spell library contained the following spells:

 Spells                   Type           Power      Damage    Failure   Level
 Blink                    Tloc           14%        N/A       99%         2
 Gell's Gravitas          Tloc           7%         N/A       100%        3
 Lesser Beckoning         Tloc           7%         N/A       100%        3
 Teleport Other           Tloc           7%         N/A       100%        3
 Manifold Assault         Tloc           7%         N/A       100%        5

Inventory:

Hand Weapons
 m - a +0 morningstar
 Y - a +0 hand axe (weapon)
Armour
 d - a +0 chain mail (worn)
Jewellery
 g - a ring of willpower (left hand)
Scrolls
 c - a scroll of enchant armour
 f - a scroll of identify
Potions
 b - a potion of cancellation {unknown}
 e - a potion of curing {unknown}
 i - 2 potions of haste
 j - a potion of might

Dungeon Overview and Level Annotations

Branches:
Dungeon (4/15)
 Temple: D:4-7

Altars:


Message History

You are no longer poisoned.
The adder bites you but does no damage.
You hit the adder but do no damage. Your kick misses the adder.
You peck the adder.
The adder is almost dead.
The adder barely misses you.
You closely miss the adder. You claw the adder.
You kill the adder!
You closely miss the orc. You claw the orc.
The orc is heavily wounded.
You hit the orc.
The orc is heavily wounded.
You hit the orc wizard but do no damage.
The orc barely misses you. The orc wizard barely misses you.
You barely miss the orc. You claw the orc. Your peck misses the orc.
The orc is almost dead.
You hit the orc wizard. The orc closely misses you.
The orc wizard casts a spell at you. The magic dart hits you.
3202 ||| READING 2 scrolls of teleportation.
As you read the scroll of teleportation, it crumbles to dust.
You feel strangely unstable. The orc hits you but does no damage.
The orc wizard barely misses you.
You slash the orc!
You kill the orc!
You hit the orc wizard but do no damage.
The orc wizard points at you and mumbles some strange words.
You resist with almost no effort.
You hit the orc wizard. You claw the orc wizard. You peck the orc wizard.
The orc wizard is almost dead.
Your surroundings suddenly seem different.
A phantom comes into view.
Found a stone staircase leading down.
3206 ||| READING scroll of teleportation.
As you read the scroll of teleportation, it crumbles to dust.
You feel strangely unstable.
You hit the phantom but do no damage. Your kick misses the phantom.
The phantom hits you.
You die...

#......##
########
.........
)......<
#......#
########
#......#
#......#
#......#
#W.....#
#@..>..#
##....#..
....#
....#
....#
#####


You could see a phantom.

Vanquished Creatures
  2 adders
  An ufetubus (D:4)
  3 worms
  A dart slug (D:1)
  3 orcs
  7 endoplasms
  2 giant cockroaches
  10 goblins
  8 hobgoblins
  6 jackals
  4 kobolds
  4 quokkas
  6 ball pythons
  4 bats
  2 frilled lizards (D:1)
  2 rats (D:2)
65 creatures vanquished.

Notes
Turn   | Place    | Note
-------+----------+-------------------------------------------
     0 | D:1      | qw the Tengu Warper began the quest for the Orb.
     0 | D:1      | Reached XP level 1. HP: 12/12 MP: 4/4
     0 | D:1      | 0 ||| qw: Version: 0.1-a-89-g26bdef1
     0 | D:1      | 0 ||| qw: Game counter: 2033
     0 | D:1      | 0 ||| qw: Always use a shield: true
     0 | D:1      | 0 ||| qw: God list: Okawaru
     0 | D:1      | 0 ||| qw: Allow faded altars: false
     0 | D:1      | 0 ||| qw: Do Orc after D:15 true
     0 | D:1      | 0 ||| qw: Do second Lair branch before Depths: true
     0 | D:1      | 0 ||| qw: Lair rune preference: random
     0 | D:1      | 0 ||| qw: Plans: Normal
     0 | D:1      | 0 ||| PLANNING D:1-11
   130 | D:1      | Reached skill level 3 in Axes
   130 | D:1      | Reached XP level 2. HP: 17/17 MP: 6/6
   597 | D:1      | 597 ||| Stepping ~*~*~tactically~*~*~ (stealth).
   598 | D:1      | 598 ||| Stepping ~*~*~tactically~*~*~ (stealth).
   700 | D:1      | 700 ||| Stepping ~*~*~tactically~*~*~ (stealth).
   701 | D:1      | 701 ||| Stepping ~*~*~tactically~*~*~ (stealth).
   704 | D:1      | 704 ||| Stepping ~*~*~tactically~*~*~ (stealth).
   705 | D:1      | 705 ||| Stepping ~*~*~tactically~*~*~ (stealth).
   875 | D:1      | Found a faded altar of an unknown god.
   965 | D:1      | Reached XP level 3. HP: 19/21 MP: 7/7
  1258 | D:1      | 1258 ||| READING scroll labelled ITRECH JISK.
  1259 | D:1      | 1259 ||| READING 2 scrolls labelled FEICKI COS YFU.
  1260 | D:1      | 1260 ||| READING scroll labelled ESUNOTHRUIPP.
  1261 | D:1      | 1261 ||| DROPPING scroll of blinking.
  1299 | D:2      | 1299 ||| STAIRDANCE
  1322 | D:2      | 1322 ||| STAIRDANCE
  1324 | D:2      | 1324 ||| STAIRDANCE
  1330 | D:1      | Reached skill level 4 in Axes
  1544 | D:2      | 1544 ||| STAIRDANCE
  1934 | D:2      | 1934 ||| Stepping ~*~*~tactically~*~*~ (stealth).
  1946 | D:2      | 1946 ||| Stepping ~*~*~tactically~*~*~ (stealth).
  1952 | D:2      | 1952 ||| Stepping ~*~*~tactically~*~*~ (stealth).
  1953 | D:2      | 1953 ||| Stepping ~*~*~tactically~*~*~ (stealth).
  2176 | D:2      | 2176 ||| READING 3 scrolls labelled MEFOCOWN ADYXA.
  2179 | D:2      | 2179 ||| READING scroll labelled QACKUBRO IFU.
  2180 | D:2      | 2180 ||| DRINKING 2 sedimented purple potions.
  2181 | D:2      | 2181 ||| DRINKING 2 bubbling cyan potions.
  2182 | D:2      | 2182 ||| READING 5 scrolls of identify.
  2182 | D:2      | 2182 ||| IDENTIFYING metallic puce potion
  2183 | D:2      | 2183 ||| READING 4 scrolls of identify.
  2183 | D:2      | 2183 ||| IDENTIFYING amethyst potion
  2184 | D:2      | 2184 ||| READING 3 scrolls of identify.
  2184 | D:2      | 2184 ||| IDENTIFYING blue potion
  2185 | D:2      | 2185 ||| DROPPING potion of lignification.
  2186 | D:2      | 2186 ||| DROPPING potion of invisibility.
  2187 | D:2      | 2187 ||| DROPPING potion of flight.
  2188 | D:2      | 2188 ||| READING 2 scrolls of teleportation.
  2204 | D:3      | 2204 ||| Stepping ~*~*~tactically~*~*~ (stealth).
  2236 | D:3      | 2236 ||| Stepping ~*~*~tactically~*~*~ (stealth).
  2242 | D:3      | Reached XP level 4. HP: 23/26 MP: 8/8
  2277 | D:3      | 2277 ||| Stepping ~*~*~tactically~*~*~ (stealth).
  2279 | D:3      | 2279 ||| Stepping ~*~*~tactically~*~*~ (stealth).
  2280 | D:3      | 2280 ||| Stepping ~*~*~tactically~*~*~ (stealth).
  2281 | D:3      | 2281 ||| Stepping ~*~*~tactically~*~*~ (stealth).
  2283 | D:3      | 2283 ||| Stepping ~*~*~tactically~*~*~ (stealth).
  2329 | D:3      | 2329 ||| Stepping ~*~*~tactically~*~*~ (stealth).
  2332 | D:3      | 2332 ||| Stepping ~*~*~tactically~*~*~ (stealth).
  2335 | D:3      | 2335 ||| Stepping ~*~*~tactically~*~*~ (stealth).
  2336 | D:3      | 2336 ||| Stepping ~*~*~tactically~*~*~ (stealth).
  2337 | D:3      | 2337 ||| Stepping ~*~*~tactically~*~*~ (stealth).
  2350 | D:3      | 2350 ||| Stepping ~*~*~tactically~*~*~ (stealth).
  2389 | D:3      | 2389 ||| Stepping ~*~*~tactically~*~*~ (hiding).
  2390 | D:3      | 2390 ||| Stepping ~*~*~tactically~*~*~ (hiding).
  2398 | D:3      | Reached skill level 5 in Axes
  2543 | D:3      | 2543 ||| Stepping ~*~*~tactically~*~*~ (stealth).
  2552 | D:3      | 2552 ||| Stepping ~*~*~tactically~*~*~ (stealth).
  2554 | D:3      | 2554 ||| Stepping ~*~*~tactically~*~*~ (stealth).
  2556 | D:3      | 2556 ||| Stepping ~*~*~tactically~*~*~ (stealth).
  2558 | D:3      | 2558 ||| Stepping ~*~*~tactically~*~*~ (stealth).
  2559 | D:3      | 2559 ||| Stepping ~*~*~tactically~*~*~ (stealth).
  2641 | D:3      | 2641 ||| Stepping ~*~*~tactically~*~*~ (stealth).
  2645 | D:3      | 2645 ||| Stepping ~*~*~tactically~*~*~ (stealth).
  2648 | D:3      | 2648 ||| DROPPING +0 club.
  2652 | D:3      | 2652 ||| Stepping ~*~*~tactically~*~*~ (stealth).
  2667 | D:3      | 2667 ||| Stepping ~*~*~tactically~*~*~ (stealth).
  2669 | D:3      | 2669 ||| Stepping ~*~*~tactically~*~*~ (stealth).
  2674 | D:3      | 2674 ||| Stepping ~*~*~tactically~*~*~ (stealth).
  2850 | D:3      | 2850 ||| UPGRADING to +0 chain mail.
  2860 | D:3      | 2860 ||| DROPPING +0 leather armour.
  2861 | D:3      | 2861 ||| UPGRADING to ring of willpower.
  2862 | D:3      | 2862 ||| READING scroll labelled ZIUSO YTYACK.
  2863 | D:3      | 2863 ||| READING scroll labelled RIASTR GANN.
  3007 | D:3      | 3007 ||| READING 3 scrolls of identify.
  3007 | D:3      | 3007 ||| IDENTIFYING coppery potion
  3008 | D:3      | 3008 ||| READING 2 scrolls of identify.
  3008 | D:3      | 3008 ||| IDENTIFYING cyan potion
  3009 | D:3      | 3009 ||| DROPPING potion of degeneration.
  3010 | D:3      | 3010 ||| DROPPING potion of brilliance.
  3033 | D:4      | 3033 ||| STAIRDANCE
  3201 | D:4      | HP: 5/26 [orc wizard/magic dart (5)]
  3202 | D:4      | 3202 ||| READING 2 scrolls of teleportation.
  3204 | D:4      | Noticed a phantom
  3206 | D:4      | 3206 ||| READING scroll of teleportation.
  3207 | D:4      | Slain by a phantom

Levels and vault maps discovered:
D:1:      dpeg_cavernosity, layout_basic,
          dreamdust_ecumenical_altar_hidden_monk_grotto, serial_corexii_hall,
          chequers_hall_statues_wall_a, corexii_hall_statues_i,
          corexii_hall_statues_l, chequers_jeans,
          chequers_serial_rivers_micro_a, minmay_pentomino_o2
D:2:      layout_rooms, st_stairs_14, minmay_close_crescents
D:3:      layout_basic
D:4:      layout_basic, serial_shops, shop

Skill      XL: |  1  2  3  4 |
---------------+-------------+-----
Axes           | 3 4 5 |  5.4
Fighting       | |  2.0
Throwing       | |  1.0
Armour         | |  1.1
Dodging        | |  2.1
Spellcasting   | |  2.0
Translocations | |  2.4

Action                   |  1- 3 |  4- 6 || total
-------------------------+-------+-------++-------
Melee: Hand axe          |    94 |    61 ||   155
       Kick              |    22 |    22 ||    44
       Peck              |     9 |     8 ||    17
       Punch             |     1 |       ||     1
Throw: Boomerang         |     7 |       ||     7
  Use: Scroll            |     9 |     6 ||    15
       Potion            |     2 |       ||     2
 Stab: Sleeping          |     2 |       ||     2
       Invisible         |     1 |       ||     1
Armor: Leather armour    |    29 |     5 ||    34
       Chain mail        |       |    11 ||    11
Dodge: Dodged            |    62 |    24 ||    86

Table legend:
 A = Non-vault XP
 B = Vault XP
 C = Vault XP percentage of total XP
 D = Non-vault monster count
 E = Vault monster count
 F = Vault count percentage of total count
                 A         B        C        D         E       F
            +---------+---------+-------+---------+---------+-------
      Total |     137 |      23 |  14.4 |      55 |      10 |  15.4
            +---------+---------+-------+---------+---------+-------
        D:1 |      31 |      13 |  29.5 |      17 |       6 |  26.1
        D:2 |      22 |      10 |  31.2 |      11 |       4 |  26.7
        D:3 |      57 |       0 |   0.0 |      23 |       0 |   0.0
        D:4 |      27 |       0 |   0.0 |       4 |       0 |   0.0
            +---------+---------+-------+---------+---------+-------
